 Dungeon Crawl Stone Soup version 0.26.1-2-gb8aa6d0cf2 (webtiles) character file.

Game seed: 16905534953047422620

9278 EvilAshe the Geomancer (level 11, 0/81 HPs)
             Began as a Formicid Earth Elementalist on Feb 21, 2021.
             Was a Priest of Sif Muna.
             Killed from afar by a wretched star (24 damage)
             ... with a lance of force
             ... on level 1 of the Abyss on Feb 22, 2021.
             The game lasted 00:56:27 (18943 turns).

EvilAshe the Geomancer (FoEE)                      Turns: 18943, Time: 00:56:27

Health: 0/81       AC:  4    Str: 12    XL:     11   Next: 71%
Magic:  15/15      EV: 15    Int: 19    God:    Sif Muna [***...]
Gold:   344        SH:  4    Dex: 11    Spells: 14/24 levels left

rFire    + . .     SeeInvis +   y - staff of conjuration
rCold    + + .     Faith    .   B - +0 buckler
rNeg     . . .     Spirit   .   f - +0 leather armour
rPois    .         Reflect  .   (helmet unavailable)
rElec    .         Harm     .   L - scarf {rC+ rF+}
rCorr    .         Rampage  .   A - +1 pair of gloves of the Dolphin {+Inv rC+ Will+}
Will     ++...                  M - +0 pair of boots
Stlth    ++........             I - amulet of the acrobat
HPRegen  0.23/turn              (no ring)
MPRegen  0.14/turn              (no ring)

@: no status effects
A: permanent stasis, dig shafts and tunnels, four strong arms, antennae 3,
[deformed body], [low mp 3]
a: Dig, Shaft Self, Renounce Religion, Evoke Invisibility, Channel Magic, Forget
Spell


You were on level 1 of the Abyss.
You worshipped Sif Muna.
Sif Muna was most pleased with you.
You visited 2 branches of the dungeon, and saw 12 of its levels.
You visited the Abyss 1 time.

You collected 564 gold pieces.
You spent 220 gold pieces at shops.

Inventory:

Hand Weapons
 e - a +0 mace
 u - a +5 hand axe of flaming
 x - a +0 whip of freezing
Armour
 d - a +0 ring mail
 f - a +0 leather armour (worn)
 A - the +1 pair of gloves of the Dolphin (worn) {+Inv rC+ Will+}
   (You found it on level 7 of the Dungeon)

   It protects you from cold.
   It affects your willpower, your defense against some magical effects.
   It lets you turn invisible.
 B - a +0 buckler (worn)
 L - a scarf of resistance (worn)
 M - a +0 pair of boots (worn)
Magical Staves
 r - an uncursed staff of cold
 y - an uncursed staff of conjuration (weapon)
Jewellery
 I - an amulet of the acrobat (around neck)
Wands
 c - a wand of acid (8)
 w - a wand of random effects (13)
 z - a wand of paralysis (9)
 F - a wand of flame (23)
 K - a wand of enslavement (13)
Scrolls
 a - 7 scrolls of remove curse
 i - a scroll of immolation {unknown}
 j - 4 scrolls of magic mapping
 k - 2 scrolls of amnesia
 m - a scroll of fear
 q - 3 scrolls of teleportation {unknown}
 s - a scroll of blinking {unknown}
 t - a scroll of enchant armour {unknown}
 C - a scroll of fog {unknown}
 J - 2 scrolls of enchant weapon {unknown}
Potions
 g - a potion of lignification {unknown}
 h - 2 potions of heal wounds
 l - 2 potions of curing
 o - 5 potions of flight
 p - 4 potions of mutation
 G - a potion of magic
 H - a potion of brilliance {unknown}


   Skills:
 + Level 6.2 Fighting
 + Level 5.7 Staves
 + Level 7.7 Dodging
 - Level 2.4 Stealth
 - Level 2.4 Shields
 - Level 7.3 Spellcasting
 - Level 3.0 Conjurations
 - Level 4.6 Transmutations
 + Level 10.3 Earth Magic
 + Level 5.4 Evocations


You had 14 spell levels left.
You knew the following spells:

 Your Spells              Type           Power        Failure   Level
a - Sandblast             Erth           92%          1%          1
b - Stone Arrow           Conj/Erth      96%          2%          3
c - Petrify               Tmut/Erth      35%          6%          4
p - Passwall              Tmut/Erth      29%          1%          2

Your spell library contained the following spells:

 Spells                   Type           Power        Failure   Level
 Beastly Appendage        Tmut           48%          1%          1
 Wereblood                Tmut           24%          2%          2
 Magic Dart               Conj           100%         3%          1
 Lee's Rapid Deconstruct  Erth           23%          4%          5
 Animate Skeleton         Necr           12%          13%         1
 Apportation              Tloc           12%          13%         1
 Corona                   Hex            6%           13%         1
 Summon Small Mammal      Summ           24%          13%         1
 Spider Form              Tmut/Pois      7%           14%         3
 Call Imp                 Summ           6%           19%         2
 Poisonous Vapours        Pois/Air       12%          19%         2
 Slow                     Hex            6%           19%         2
 Conjure Flame            Conj/Fire      18%          21%         3
 Mephitic Cloud           Conj/Pois/Air  16%          26%         3
 Confusing Touch          Hex            6%           36%         3
 Gell's Gravitas          Tloc           3%           36%         3
 Ice Form                 Ice/Tmut       15%          43%         4
 Blade Hands              Tmut           12%          45%         5
 Yara's Violent Unravell  Hex/Tmut       7%           80%         5
 Metabolic Englaciation   Hex/Ice        3%           98%         5
 Freezing Cloud           Conj/Ice/Air   8%           100%        6
 Blink                    Tloc           Unusable     N/A         2

Dungeon Overview and Level Annotations

Branches:
Dungeon (11/15)            Temple (1/1) D:7            Lair (0/6) D:8
    Orc (0/2) D:10

Altars:
Cheibriados
Dithmenos
Elyvilon
Gozag
Kikubaaqudgha
Makhleb
Nemelex Xobeh
Okawaru
Sif Muna
Trog
Vehumet
Yredelemnul
Zin

Shops:
D:10 ?((*

Annotations:
D:5 3 runed translucent doors, Gonzollydolly's ghost, novice HONe
D:7 2 transporters, Menkaure
D:10 Grum; Josephine


Innate Abilities, Weirdness & Mutations

You cannot be hasted, slowed, berserked, paralysed or teleported.
You can dig through walls and to a lower floor.
Your four strong arms can wield two-handed weapons with a shield.
You have a pair of large antennae on your head. (SInv)
[Armour fits poorly on your strangely shaped body.]
[Your magical capacity is extremely low. (-30% MP)]


Message History

The large abomination hits you!!
* * * LOW HITPOINT WARNING * * *
Aiming: Stone Arrow (mildly dangerous; 2% risk of failure)
Press: ? - help, Q - select action, (/) - cycle Shift-Dir - straight line, f/p - large abomination
Aim: a large abomination (almost destroyed, 8% to evade)
You feel a surge of power!
The stone arrow hits the large abomination!
You destroy the large abomination!
Sif Muna accepts your kill.
The wretched star pulses with an eldritch light!
You feel less energetic.
You don't have enough magic to cast that spell.
Unknown command.
You don't have enough magic to cast that spell.
Unknown command.
Okay, then.
It was a potion of magic.
Magic courses through your body.
The wretched star glows turbulently.
The lance of force hits you!!
You die...

#. ≈..#. ...
.# .#
#.....#######
. #. ..#
..#.#.# . ##
# ####...#
##..# #...#
##.## #*..#
##@## ###


You could see a wretched star.

Vanquished Creatures
  2 ugly things (D:11)
  A gargoyle (D:11)
  4 kobold demonologists (D:11)
  Prince Ribbit (D:8)
  2 wyverns
  A yak (D:8)
  A wraith (D:10)
  A neqoxec (Abyss:1)
  A large abomination (Abyss:1)
  6 water moccasins
  5 orc warriors
  3 ice beasts
  4 sky beasts
  A phantom (D:8)
  An eye of draining (D:10)
  3 ogres
  A necrophage (D:7)
  2 wolves (D:10)
  2 centaurs (D:10)
  A small abomination (Abyss:1)
  4 big kobolds
  5 bullfrogs
  3 scorpions
  10 killer bees
  11 wights
  9 howler monkeys
  3 hounds
  2 jellies (D:11)
  5 orc priests
  4 bullfrog skeletons
  17 orc wizards
  An iron imp (Abyss:1)
  An iguana (D:8)
  7 worker ants
  3 hound skeletons
  2 howler monkey zombies
  8 adders
  4 shadow imps
  4 white imps
  An ufetubus (D:5)
  5 worms
  An adder skeleton (D:7)
  An adder zombie (D:8)
  7 leopard geckos
  60 orcs
  2 ball pythons
  4 giant cockroaches
  12 goblins
  8 hobgoblins
  11 jackals
  4 quokkas
  9 bats
  9 frilled lizards
  21 kobolds
  A quokka skeleton (D:4)
  2 quokka zombies
  8 rats
312 creatures vanquished.

Vanquished Creatures (others)
  67 fungi
  50 plants
117 creatures vanquished.

Grand Total: 429 creatures vanquished

Notes
Turn   | Place    | Note
-------+----------+-------------------------------------------
     0 | D:1      | EvilAshe the Formicid Earth Elementalist began the quest
                  | for the Orb.
     0 | D:1      | Reached XP level 1. HP: 13/13 MP: 3/3
   210 | D:1      | Reached XP level 2. HP: 9/19 MP: 1/5
  1099 | D:1      | Reached XP level 3. HP: 24/24 MP: 3/6
  1103 | D:1      | Learned a level 3 spell: Stone Arrow
  1288 | D:2      | Reached skill level 4 in Earth Magic
  1744 | D:2      | Reached XP level 4. HP: 30/30 MP: 5/8
  2104 | D:2      | Found a white marble altar of Elyvilon.
  2726 | D:3      | Found a faded altar of an unknown god.
  2796 | D:3      | Reached XP level 5. HP: 35/35 MP: 6/9
  2800 | D:3      | Noticed a phantom
  3380 | D:3      | Reached XP level 6. HP: 22/41 MP: 11/11
  3533 | D:3      | Reached skill level 5 in Earth Magic
  4038 | D:4      | Reached XP level 7. HP: 15/46 MP: 5/12
  4811 | D:5      | Entered Level 5 of the Dungeon
  4897 | D:5      | Found a bloodstained altar of Trog.
  5074 | D:5      | Reached skill level 6 in Earth Magic
  5530 | D:5      | Found a runed translucent gate.
  5531 | D:5      | Noticed Gonzollydolly's ghost (novice HONe)
  5554 | D:5      | Reached XP level 8. HP: 21/52 MP: 11/14
  5832 | D:5      | Found a runed translucent gate.
  5832 | D:5      | Found a runed translucent gate.
  7021 | D:6      | Reached skill level 1 in Conjurations
  7033 | D:6      | Reached skill level 5 in Spellcasting
  7622 | D:7      | Found a sparkling altar of Nemelex Xobeh.
  7939 | D:7      | Reached skill level 7 in Earth Magic
  8028 | D:7      | Learned a level 2 spell: Passwall
  8061 | D:7      | Got a pair of heavily runed gloves
  8165 | D:7      | Reached skill level 5 in Dodging
  8165 | D:7      | Reached skill level 1 in Shields
  8165 | D:7      | Reached XP level 9. HP: 57/57 MP: 15/17
  8170 | D:7      | Learned a level 4 spell: Petrify
  8185 | D:7      | Found a transporter.
  8821 | D:7      | Got a faintly humming cloak
  8826 | D:7      | Found a transporter.
  8905 | D:7      | Found a burning altar of Makhleb.
  8984 | D:7      | Found a staircase to the Ecumenical Temple.
  8989 | Temple   | Entered the Ecumenical Temple
  9020 | Temple   | Became a worshipper of Sif Muna the Loreminder
  9322 | D:7      | Found an ancient bone altar of Kikubaaqudgha.
  9322 | D:7      | Found a basalt altar of Yredelemnul.
  9351 | D:7      | Noticed Menkaure
  9484 | D:8      | Reached skill level 1 in Fighting
  9484 | D:8      | Reached skill level 1 in Staves
  9484 | D:8      | Reached skill level 1 in Evocations
  9929 | D:8      | Found a snail-covered altar of Cheibriados.
 10192 | D:8      | Found an opulent altar of Gozag.
 10296 | D:8      | Reached skill level 8 in Earth Magic
 10783 | D:8      | Found a radiant altar of Vehumet.
 10856 | D:8      | Reached XP level 10. HP: 63/68 MP: 14/19
 10889 | D:8      | Reached * piety under Sif Muna
 11171 | D:8      | Found a staircase to the Lair.
 12153 | D:8      | Noticed Prince Ribbit
 12162 | D:8      | Killed Prince Ribbit
 12682 | D:9      | Reached skill level 9 in Earth Magic
 13071 | D:9      | Found a shadowy altar of Dithmenos.
 13763 | D:9      | Identified the +1 pair of gloves of the Dolphin {+Inv rC+
                  | Will+} (You found it on level 7 of the Dungeon)
 13864 | D:9      | Reached ** piety under Sif Muna
 14100 | D:10     | Entered Level 10 of the Dungeon
 14142 | D:10     | Found Uluch's Assorted Antiques.
 14435 | D:10     | Found Rajuadif's Weapon Boutique.
 14445 | D:10     | Found a staircase to the Orcish Mines.
 14840 | D:9      | HP: 1/73 [orc warrior/boomerang (17)]
 15356 | D:10     | Found Zexzu's Magic Scroll Shop.
 15364 | D:10     | Bought a scroll of magic mapping for 38 gold pieces
 15364 | D:10     | Bought a scroll of identify for 22 gold pieces
 15364 | D:10     | Identified the +1 cloak of Compassion {rN+} (You found it
                  | on level 7 of the Dungeon)
 15387 | D:10     | Bought a scroll of identify for 22 gold pieces
 15387 | D:10     | Bought a scroll of identify for 22 gold pieces
 15387 | D:10     | Bought a scroll of identify for 22 gold pieces
 15823 | D:10     | Reached XP level 11. HP: 73/78 MP: 1/21
 16251 | D:10     | Found Xywn's Weapon Shop.
 16292 | D:10     | Bought a scroll of magic mapping for 94 gold pieces
 16421 | D:10     | Noticed Josephine
 16565 | D:11     | Noticed a green ugly thing
 16668 | D:11     | Reached skill level 5 in Fighting
 17218 | D:11     | Reached *** piety under Sif Muna
 17219 | D:11     | Reached skill level 5 in Staves
 17247 | D:11     | Noticed a sixfirhy
 17383 | D:11     | Noticed a white ugly thing
 17397 | D:11     | Killed a white ugly thing
 17398 | D:11     | Reached skill level 10 in Earth Magic
 17557 | D:11     | Reached skill level 5 in Evocations
 17971 | D:11     | Noticed a two-headed ogre
 18124 | D:11     | Killed a green ugly thing
 18615 | D:11     | Noticed a two-headed ogre
 18808 | D:10     | Noticed Grum
 18814 | D:10     | Cast into level 1 of the Abyss (Grum)
 18814 | Abyss:1  | Found a corrupted altar of Lugonu.
 18855 | Abyss:1  | Noticed a starcursed mass
 18908 | Abyss:1  | Noticed a tentacled starspawn
 18917 | Abyss:1  | Noticed a tentacled starspawn
 18924 | Abyss:1  | Noticed a wretched star
 18943 | Abyss:1  | Killed from afar by a wretched star

Illustrated notes

Levels and vault maps discovered:
D:1:      moated_graveyard_arrival, layout_loops_ring
D:2:      layout_loops_ring, elyvilon_altar_5
D:3:      layout_rooms, chequers_ecumenical_altar_simple_redux
D:4:      layout_rooms, nicolae_ossuary_entry_monument, nzn_random_ring
D:5:      layout_basic, lemuel_doored_altar, gammafunk_ghost_nasty_kobolds
D:6:      layout_rooms
D:7:      layout_layer_cave, nemelex_xobeh_ov_fountains_minmay,
          makhleb_blood_cavern_becter, gammafunk_temple_of_torment,
          minmay_temple_entry_nine_rooms, ebering_dispersal_statue_hall
D:8:      layout_basic, lemuel_round_altar, vehumet_altar_wand_db,
          due_lair_maze_entry_diamond, nrook_loot_triangle,
          nicolae_gozag_seed_capital, uniq_prince_ribbit1
D:9:      layout_rooms, grunt_dithmenos_shadows, enter_bailey_5
D:10:     layout_stronghold, david_orc_2, serial_shops, shop,
          nicolae_shop_temple_entry_statues_fountains, nicolae_shop_stone,
          nicolae_shop_stone, uniq_grum, uniq_josephine
D:11:     layout_cave_pods
Temple:   nicolae_temple_figure_eight
Abyss:1:  base:
D:6

Skill      XL: |  1  2  3  4  5  6  7  8  9 10 11 |
---------------+----------------------------------+-----
Dodging        | 2 3 4 5 6 7 |  7.7
Earth Magic    | 4 5 6 7 8 9 10 | 10.3
Transmutations | 2 3 4 |  4.6
Spellcasting   | 3 4 5 6 7 |  7.3
Conjurations   | 2 3 |  3.0
Shields        | 1 2 |  2.4
Fighting       | 2 4 6 |  6.2
Staves         | 2 4 5 |  5.7
Evocations     | 2 3 5 |  5.4
Stealth        | |  2.4

Action                   |  1- 3 |  4- 6 |  7- 9 | 10-12 || total
-------------------------+-------+-------+-------+-------++-------
Melee: Unarmed           |    39 |       |       |       ||    39
       Mace              |    75 |   125 |    58 |       ||   258
       Staff             |       |       |   204 |   384 ||   588
       Hand axe          |       |       |    13 |       ||    13
 Cast: Sandblast         |    11 |    38 |   132 |   123 ||   304
       Stone Arrow       |       |       |    40 |    83 ||   123
       Passwall          |       |       |     2 |     2 ||     4
       Petrify           |       |       |     1 |     3 ||     4
  Use: Scroll            |       |     3 |     4 |     5 ||    12
       Potion            |       |       |     1 |     1 ||     2
 Stab: Sleeping          |     1 |     1 |       |       ||     2
       Distracted        |       |       |     1 |       ||     1
Armor: Robe              |    13 |       |       |       ||    13
       Leather armour    |    16 |    37 |    83 |    83 ||   219
Dodge: Dodged            |    90 |   122 |   258 |   331 ||   801
Block: Buckler           |       |       |    27 |    74 ||   101
